 Dungeon Crawl Stone Soup version 0.20-a0-495-g2241292 (webtiles) character file.

422 Duffy the Skirmisher (level 6, -1/58 HPs)
             Began as a Minotaur Fighter on Jan 18, 2017.
             Slain by Duvessa
             ... wielding a +0 short sword
              (9 damage)
             ... on level 4 of the Dungeon.
             The game lasted 00:03:12 (2981 turns).

Duffy the Skirmisher (Minotaur Fighter)             Turns: 2981, Time: 00:03:13

Health: -1/58      AC:  8    Str: 23    XL:     6   Next: 63%
Magic:  5/5        EV: 11    Int:  5    God:
Gold:   220        SH:  9    Dex:  9    Spells: 5/5 levels left

rFire    . . .     SeeInvis .   a - +0 war axe
rCold    . . .     Gourm    .   b - +0 scale mail
rNeg     . . .     Faith    .   c - +0 shield
rPois    .         Spirit   .   (helmet restricted)
rElec    .         Reflect  .   (no cloak)
rCorr    .         Harm     .   n - +0 pair of gloves
MR       .....                  (no boots)
Stlth    ..........             (no amulet)
Regen    0.2/turn               (no ring)
                                v - +4 ring of evasion

@: no status effects
A: retaliatory headbutt, horns 2
a: no special abilities


You were on level 4 of the Dungeon.
You were not hungry.

You visited 1 branch of the dungeon, and saw 4 of its levels.
You also visited: Sewer.

You collected 220 gold pieces.

Inventory:

Hand Weapons
 a - a +0 war axe (weapon)
Armour
 b - a +0 scale mail (worn)
 c - a +0 shield (worn)
 n - a +0 pair of gloves (worn)
Jewellery
 v - a +4 ring of evasion (left hand)
Wands
 u - a wand of random effects (20/48)
Scrolls
 h - a scroll of identify {unknown}
 k - 2 scrolls of fear {unknown}
 m - 2 scrolls of teleportation {unknown}
 o - a scroll of remove curse {unknown}
 r - 3 scrolls of amnesia {unknown}
 s - a scroll of immolation {unknown}
 x - 3 scrolls of blinking {unknown}
Potions
 d - 2 potions of might
 e - 7 potions of curing {unknown}
 g - 7 potions of heal wounds {unknown}
 i - a potion of magic {unknown}
 j - 2 potions of berserk rage {unknown}
 l - a potion of mutation {unknown}
 p - 2 potions of flight {unknown}
 t - a potion of agility {unknown}
 z - 2 potions of lignification {unknown}
Comestibles
 f - 3 bread rations
 q - a beef jerky
 w - 6 chunks of flesh
 A - 4 fruits


   Skills:
 + Level 6.8 Fighting
 + Level 6.4 Axes
 - Level 3.6 Armour
 - Level 3.6 Shields


You had 5 spell levels left.
You didn't know any spells.

Dungeon Overview and Level Annotations

Branches:
Dungeon (4/15)
 Temple: D:4-7

Altars:
Sif Muna
Uskayaw
Zin

Annotations:
D:4 Duvessa


Innate Abilities, Weirdness & Mutations

You reflexively headbutt those who attack you in melee.
You have a pair of horns on your head.


Message History

You are too injured to fight recklessly!
You are too injured to fight recklessly!
You are too injured to fight recklessly!
You are too injured to fight recklessly!
You are too injured to fight recklessly!
You are too injured to fight recklessly!
You are too injured to fight recklessly!
You are too injured to fight recklessly!
You are too injured to fight recklessly!
You are too injured to fight recklessly!
You are too injured to fight recklessly!
Something hits you! You block the jackal's attack. The jackal misses you.
Something hits you but does no damage. You block the jackal's attack.
The teleport trap disappears.
The jackal disappears!
Something hits you but does no damage.
You miss something. You headbutt something! You barely miss the jackal.
Something barely misses you. You block the jackal's attack. Something hits you.
You slash something! Your headbutt misses something. You hit the jackal.
Something hits you!
You die...

#. #.# ...
#.###.##.#
#........#
#..%.....#...
######..%.)...._.
#......##h##.#...
#.#######h# #.#
#.# #.# #@# #.#
#.h..# #.# ####.#
#####.# ..
#.....# ##
#.##### ## #.# ..
####.# .# ..##.#
.# ..


You could see 3 jackals.

Vanquished Creatures
  2 big kobolds (Sewer)
  Dowan (D:4)
  An orc wizard (D:3)
  A gnoll (D:1)
  7 adders
  An ooze (Sewer)
  4 worms
  4 dart slugs
  3 leopard geckos
  8 orcs
  5 ball pythons
  8 giant cockroaches
  9 goblins
  3 hobgoblins (D:1)
  2 jackals (D:2)
  18 kobolds
  3 quokkas
  10 bats
  5 frilled lizards
  10 rats
105 creatures vanquished.

Notes
Turn   | Place    | Note
-------+----------+-------------------------------------------
     0 | D:1      | Duffy the Minotaur Fighter began the quest for the Orb.
     0 | D:1      | Reached XP level 1. HP: 19/19 MP: 0/0
   143 | D:1      | You fall through a shaft!
   261 | D:1      | Reached XP level 2. HP: 27/27 MP: 1/1
   573 | D:1      | Reached XP level 3. HP: 34/34 MP: 2/2
   874 | D:2      | Reached XP level 4. HP: 37/41 MP: 3/3
   977 | D:2      | Reached skill level 5 in Fighting
  1079 | D:2      | Found a deep blue altar of Sif Muna.
  1387 | D:3      | Reached XP level 5. HP: 45/48 MP: 4/4
  1556 | D:3      | Reached skill level 5 in Axes
  1564 | D:3      | Found a glowing drain.
  1577 | Sewer    | Entered a sewer
  1797 | Sewer    | Reached XP level 6. HP: 58/58 MP: 5/5
  2196 | D:3      | Found a glowing silver altar of Zin.
  2960 | D:4      | Noticed Duvessa
  2961 | D:4      | Noticed Dowan
  2966 | D:4      | Found a hide-covered altar of Uskayaw.
  2975 | D:4      | Killed Dowan
  2981 | D:4      | Slain by Duvessa

Vault maps used:
D:1:      dpeg_arrival_rooms_a
D:2:      led_sif_pool, first_bread
D:3:      overflow_temple_1_default, portal_sewer_entry_e,
          minmay_misc_feat_encased
D:4:      dancing_weapons_uskayaw, uniq_duvessa
Sewer:    kennysheep_pipe_town

Skill      XL: |  1  2  3  4  5 |
---------------+----------------+-----
Fighting       | 4 5 6 |  6.8
Axes           | 3 4 6 |  6.4
Armour         | |  3.6
Shields        | |  3.6

Action                   |  1- 3 |  4- 6 || total
-------------------------+-------+-------++-------
Melee: War axe           |    63 |   163 ||   226
       Headbutt          |    14 |    23 ||    37
  Eat: Chunk             |       |     7 ||     7
Armor: Scale mail        |    25 |    55 ||    80
Dodge: Dodged            |    30 |    70 ||   100
Block: Shield            |    28 |    88 ||   116
